Map: Blackburn LE

Players

ChocP - Winner!

  • Race: Terran Terran
  • League: Diamond

ViBE

  • Race: Zerg Zerg
  • League: Master

VOD

Have the link to the VOD?

Description

Time

  • Played on: May 5, 2021, 9:26 p.m.
  • Length: 8:41
Show
View Real Time Build Order
Export as new Build Order

ChocP Terran - Winner!

Build Orders: Reaper Expand 

Get SALT Encoding   

  12  0:10  Supply Depot  
  12  0:12  SCV  
  13  0:25  SCV  
  14  0:33  Barracks  
  14  0:37  SCV  
  15  0:43  Refinery  
  15  0:49  SCV  
  16  1:01  SCV  
  17  1:20  Orbital Command  
  17  1:25  Reaper  
  18  1:39  Command Center  
  18  1:46  SCV  
  19  1:55  Supply Depot  
  19  1:58  SCV  
  19  1:59  Barracks Reactor  
  20  2:09  Barracks  
  20  2:14  SCV  
  21  2:25  Factory  
  21  2:34  Refinery  
  21  2:35  SCV  
  22  2:43  Marine x2  
  24  2:48  SCV  
  25  2:52  Orbital Command  
  25  2:57  Barracks Tech Lab  
  25  3:01  SCV  
  25  3:05  Marine x2  
  28  3:12  Starport  
  28  3:13  SCV  
  28  3:17  Marine  
  28  3:19  SCV  
  31  3:23  Stimpack  
  31  3:27  SCV  
  31  3:31  Factory Reactor  
  31  3:33  SCV  
  33  3:39  SCV  
  34  3:42  Marine x2  
  34  3:43  Marine  
  34  3:45  SCV  
  34  3:48  Supply Depot  
  38  3:53  SCV  
  39  3:57  SCV  
  39  3:59  Marine  
  41  4:04  Marine x2  
  41  4:05  SCV  
  41  4:09  SCV  
  45  4:16  Medivac  
  37  4:17  SCV, Marine, Medivac  
  47  4:21  SCV  
  47  4:22  Marine  
  53  4:35  SCV  
  54  4:41  Command Center  
  54  4:45  Supply Depot  
  54  4:46  Supply Depot  
  54  5:03  Factory Tech Lab  
  54  5:06  Marine x3  
  58  5:07  SCV, Engineering Bay  
  58  5:08  SCV  
  58  5:09  Medivac  
  58  5:12  Engineering Bay  
  61  5:16  Medivac  
  61  5:20  Combat Shield  
  63  5:24  Marine x3  
  63  5:42  Marine x3  
  66  5:46  Siege Tank  
  66  5:49  SCV  
  70  5:52  SCV  
  68  6:00  Marine x3  
  68  6:02  Orbital Command  
  71  6:07  Medivac  
  71  6:10  Terran Infantry Armor Level 1  
  71  6:11  SCV  
  74  6:13  Refinery  
  74  6:14  Refinery  
  74  6:15  Supply Depot  
  74  6:18  Marine x3  
  77  6:24  Barracks  
  77  6:25  Barracks  
  77  6:29  Terran Infantry Weapons Level 1  
  77  6:30  SCV x3  
  80  6:35  Marine x3  
  80  6:38  Supply Depot  
  83  6:42  SCV x2  
  83  6:43  SCV  
  86  6:51  Supply Depot  
  86  6:53  Siege Tank, Marine x3, Supply Depot  
  92  7:11  Marine x3  
  95  7:19  Marine  
  79  7:23  Marine  
  79  7:25  Medivac, Siege Tank  
  79  7:29  Marine x3  
  88  7:37  Marine  
  88  7:41  Marine, Medivac  
  90  7:47  Marine x3  
  92  7:55  Marine  
  92  7:56  SCV  
  92  7:57  SCV x2  
  92  7:58  Siege Tank  
  95  7:59  Marine  
  95  8:04  Armory, Marine x2  
  95  8:05  Marine  
  99  8:07  Medivac  
  99  8:08  SCV  
  99  8:09  SCV  
  103  8:13  Marine  
  103  8:16  Marine  
  107  8:22  Marine x3  
  107  8:33  Barracks  
  110  8:36  Barracks, Factory  
Show
View Real Time Build Order
Export as new Build Order

ViBE Zerg 

Build Orders: Hatch First 

Get SALT Encoding   

  12  0:00  Drone  
  13  0:12  Overlord  
  13  0:17  Drone  
  14  0:32  Drone x2  
  16  0:50  Hatchery  
  16  0:53  Drone  
  16  0:55  Drone  
  17  0:59  Drone  
  18  1:09  Extractor  
  17  1:15  Spawning Pool  
  17  1:18  Drone  
  17  1:21  Drone  
  18  1:30  Drone  
  19  1:40  Drone  
  20  2:02  Queen x2  
  20  2:04  Zergling x4  
  20  2:07  Drone  
  27  2:12  Drone  
  28  2:20  Metabolic Boost  
  28  2:24  Extractor  
  28  2:27  Drone  
  28  2:29  Overlord  
  28  2:38  Hatchery  
  27  2:45  Drone  
  27  2:48  Drone  
  27  2:49  Drone x2  
  27  2:50  Drone  
  32  2:56  Drone  
  33  3:00  Drone  
  33  3:04  Queen  
  36  3:11  Overlord  
  36  3:29  Overlord  
  36  3:34  Drone x5  
  41  3:39  Drone  
  42  3:44  Queen  
  42  3:47  Overlord  
  44  3:52  Drone x7  
  51  4:01  Baneling Nest  
  50  4:03  Queen  
  50  4:05  Drone x3  
  55  4:10  Drone  
  56  4:17  Drone  
  56  4:18  Drone x6  
  56  4:20  Overlord  
  62  4:34  Overlord x2  
  62  4:36  Zergling x4  
  64  4:47  Lair  
  64  4:49  Queen, Zergling x8  
  64  4:50  Queen  
  64  4:51  Overlord  
  72  5:05  Zergling x2  
  72  5:06  Zergling x12  
  79  5:13  Overlord  
  74  5:34  Zergling x4  
  74  5:35  Zergling x18  
  76  5:41  Zergling x4  
  76  5:46  Centrifical Hooks  
  76  5:48  Hatchery  
  75  5:55  Drone  
  75  5:56  Drone x6  
  77  6:02  Queen  
  77  6:03  Queen  
  81  6:08  Hatchery  
  81  6:10  Extractor  
  79  6:12  Drone x6  
  79  6:13  Extractor  
  79  6:14  Extractor  
  79  6:15  Extractor  
  79  6:16  Drone  
  79  6:17  Drone x7  
  90  6:20  Evolution Chamber x2  
  90  6:21  Drone  
  90  6:22  Drone  
  90  6:23  Baneling x2, Hydralisk Den  
  90  6:24  Baneling x2  
  89  6:30  Drone x2  
  91  6:48  Zergling x4  
  91  6:49  Zergling x22  
  104  6:59  Zergling x6  
  107  7:01  Baneling x2  
  107  7:03  Zergling x2  
  107  7:04  Zergling x2  
  109  7:10  Zergling x6  
  104  7:22  Zergling x2  
  86  7:23  Zergling x6  
  86  7:26  Zergling x10  
  86  7:27  Zergling x10  
  94  7:37  Queen x4  
  94  7:38  Zergling x8  
  87  7:55  Zergling x14  
  89  8:01  Zergling x4  
  89  8:03  Hydralisk  
  89  8:04  Hydralisk x10  
  89  8:05  Baneling Nest  
Tags
 
Add a new tag
Caveats
  • Supply blocks, unpowered buildings, or Contaminate may cause inaccurate times.
  • Supply counts are checked every 10 seconds.